 Dungeon Crawl Stone Soup version 0.21-a0-94-gdd6ab6a (webtiles) character file.

152178 zhorgal the Severer (level 17, 0/160 HPs)
             Began as a Hill Orc Gladiator on June 30, 2017.
             Was the Champion of Makhleb.
             Slain by a merfolk impaler
             ... wielding a +0 demon trident of freezing
              (12 damage)
             ... on level 4 of the Shoals on July 1, 2017.
             The game lasted 02:31:28 (29413 turns).

zhorgal the Severer (Hill Orc Gladiator)           Turns: 29413, Time: 02:31:29

Health: 0/160      AC: 33    Str: 25    XL:     17   Next: 57%
Magic:  9/9        EV: 10    Int: 10    God:    Makhleb [******]
Gold:   431        SH:  4    Dex: 18    Spells: 15/16 levels left

rFire    + . .     SeeInvis .   m - +10 battleaxe of Sogoymiph {antimagic, rPois}
rCold    + + .     Gourm    .   (shield currently unavailable)
rNeg     . . .     Faith    .   a - +2 crystal plate armour
rPois    +         Spirit   .   f - +2 hat "Jiqesed" {rC++ Int+2 Stlth-}
rElec    .         Reflect  +   F - +0 cloak
rCorr    .         Harm     .   n - +1 pair of gloves of Fun {+Fly Str-5 Dex+6}
MR       +....     Clarity  +   p - +1 pair of boots
Stlth    ..........             h - +4 amulet of reflection
HPRegen  0.36/turn              v - +6 ring of strength
MPRegen  0.11/turn              T - ring of protection from fire

@: lethally poisoned (0 -> -6), very slow
A: clarity, subdued magic 1
a: Minor Destruction, Lesser Servant of Makhleb, Major Destruction, Greater
Servant of Makhleb, Renounce Religion, Evoke Flight


You were on level 4 of the Shoals.
You worshipped Makhleb.
Makhleb was exalted by your worship.
You were hungry.

You visited 4 branches of the dungeon, and saw 27 of its levels.
You visited 1 bazaar.
You also visited: Sewer.

You collected 3215 gold pieces.
You spent 2784 gold pieces at shops.

Inventory:

Hand Weapons
 m - the +10 battleaxe of Sogoymiph (weapon) {antimagic, rPois}
   (You found it on level 5 of the Dungeon)

   It reduces the magical energy of the wielder, and disrupts the spells and
   magical abilities of those hit.
   Natural abilities and divine invocations are not affected.
   It protects you from poison.
Missiles
 d - 6 throwing nets (quivered)
 i - 16 javelins of penetration
Armour
 a - a +2 crystal plate armour (worn)
 c - a +1 helmet
 f - the +2 hat "Jiqesed" (worn) {rC++ Int+2 Stlth-}
   (You acquired it in a bazaar)

   It affects your intelligence (+2).
   It greatly protects you from cold.
   It makes you less stealthy.
 n - the +1 pair of gloves of Fun (worn) {+Fly Str-5 Dex+6}
   (You acquired it in a bazaar)

   It affects your strength (-5).
   It affects your dexterity (+6).
   It lets you fly.
 p - a +1 pair of boots (worn)
 F - a +0 cloak (worn)
 Q - a +0 pair of gloves
Jewellery
 h - a +4 amulet of reflection (around neck)
 v - a +6 ring of strength (left hand)
 S - an uncursed ring of ice
 T - a ring of protection from fire (right hand)
Wands
 b - a wand of scattershot (4/9)
 o - a wand of digging (10/24)
 I - a wand of digging (24/24)
 K - a wand of iceblast (4/15)
 M - a wand of acid (5/15)
 W - a wand of paralysis (18/24)
 Z - a wand of flame (17/48)
Scrolls
 e - 4 scrolls of immolation
 l - 7 scrolls of magic mapping
 t - 11 scrolls of remove curse
 u - 8 scrolls of teleportation
 w - 2 scrolls of amnesia
 y - 3 scrolls of recharging
 z - a scroll of identify
 A - 3 scrolls of blinking
 E - a scroll of enchant armour
 G - a scroll of fear
 N - a scroll of fog
Potions
 j - 2 potions of resistance
 k - 6 potions of lignification
 q - 3 potions of mutation
 r - 5 potions of haste
 B - 4 potions of invisibility
 C - 4 potions of might
 H - a potion of ambrosia
 J - a potion of berserk rage
 L - 4 potions of curing
 O - a potion of flight
 P - 3 potions of agility {unknown}
 R - a potion of magic {unknown}
 V - 2 potions of cancellation {unknown}
 X - 4 potions of brilliance
Miscellaneous
 Y - 2 phantom mirrors
Comestibles
 g - 10 fruits
 s - 4 meat rations
 D - a royal jelly


   Skills:
 + Level 16.6 Fighting
 - Level 20.3 Axes
 - Level 1.7 Throwing
 + Level 14.1 Armour
 - Level 8.5 Dodging
 - Level 15.5 Invocations
 * Level 9.3 Evocations


You had 15 spell levels left.
You knew the following spells:

 Your Spells              Type           Power        Failure   Level  Hunger
a - Apportation           Tloc           #.....       100%        1    ##.....


Dungeon Overview and Level Annotations

Branches:
Dungeon (15/15)            Temple (0/1) D:4            Lair (6/6) D:9
 Shoals (4/4) Lair:4        Snake (0/4) Lair:2        Slime (0/5) Lair:6
    Orc (2/2) D:11            Elf (0/3) Orc:2        Vaults (0/5) D:14
 Depths (0/5) D:15

Altars:
Ashenzari
Elyvilon
Fedhas
Gozag
Kikubaaqudgha
Makhleb
Nemelex Xobeh
Okawaru
Qazlal
Ru
Trog
Uskayaw
Wu Jian
Xom
Yredelemnul
The Shining One

Shops:
D:11 %   Orc:1 [*:?   Orc:2 *=}(

Annotations:
Lair:5 exclusion: 4 oklob plants


Innate Abilities, Weirdness & Mutations

You possess an exceptional clarity of mind.
Your spells are a little easier to cast, but a little less powerful.


Message History

The merfolk siren chants a haunting song.
You are unaffected.
The water nymph's watery aura covers the stone staircase leading up.
Splash!
You fall into the shallow water.
Moving in this stuff is going to be slow.
A merfolk javelineer comes into view. It is wielding a spear.
You take 4 damage, and have 20/160 hp.
You chop the water nymph into pieces!!!
The water nymph's magic leaks into the air.
You miss the merfolk impaler.
You completely miss the merfolk impaler.
You feel sick. You block the merfolk impaler's attack.
The merfolk impaler hits you but does no damage.
The merfolk javelineer throws a javelin.
The javelin hits you!
* * * LOW HITPOINT WARNING * * *
You hear a splash.
The merfolk impaler hits you from afar with a demon trident of freezing!
You die...

........≈≈≈≈≈≈≈≈≈.≈≈h
...≈≈≈≈≈...(....≈≈≈≈≈≈≈
....≈≈≈≈...m.....≈≈≈≈≈≈
....≈≈≈≈....≈.....≈≈≈≈≈
...≈≈≈(≈..≈≈≈.....≈≈≈≈≈
..≈≈≈≈≈((.≈≈≈(...≈≈≈≈≈≈
..≈≈≈≈≈..(m([m...≈≈≈≈≈≈
..≈≈≈≈≈...mmm...[.≈≈≈≈≈
..≈≈(((..t)@(.(([.≈≈≈≈≈
..≈≈≈≈≈≈((÷((.....(≈≈≈≈
..≈≈≈≈≈≈≈((.........≈≈≈
..≈≈≈≈≈≈÷≈.≈(....m..≈≈≈
..≈≈≈≈≈≈(≈≈....(....≈≈≈
≈≈≈≈≈≈≈≈(≈.(...?...≈≈≈
≈≈≈≈≈≈≈≈≈(≈....(.≈≈≈≈
≈≈≈≈≈≈≈≈≈≈≈≈m≈≈≈≈≈≈≈≈
≈≈≈≈≈≈≈≈≈≈≈≈≈≈≈≈≈≈≈


You could see a merfolk avatar, 3 merfolk impalers, 2 merfolk javelineers, a
snapping turtle, a merfolk siren and a water nymph.

Vanquished Creatures
  A kraken (Shoals:2)
  Gastronok (D:9)
  Kirke (Shoals:4)
  A frost giant (Shoals:3)
  Ilsuiw (Shoals:4)
  A fire giant (D:15)
  The ghost of Kenran the Earth Mage, a journeyman DEEE of Sif Muna (D:14)
  A dire elephant (Lair:3)
  5 merfolk impalers
  6 merfolk javelineers
  Josephine (D:11)
  Fannar (Lair:2)
  3 hydras
  2 merfolk avatars
  3 centaur warriors
  An ogre mage (D:15)
  A catoblepas (Lair:6)
  An alligator (Lair:6)
  3 death yaks (Lair:6)
  2 merfolk aquamancers
  6 two-headed ogres
  3 satyrs
  2 orc high priests (Orc:2)
  Urug (Orc:1)
  Sonja (D:13)
  4 skeletal warriors (D:14)
  3 unseen horrors
  11 sea snakes
  Pikel (D:7)
  A wizard (D:14)
  A lindwurm (Lair:6)
  5 orc knights
  A wolf spider (Lair:4)
  24 harpies
  A deep elf mage (D:15)
  7 cyclopes
  6 fauns
  17 manticores
  5 orc sorcerers
  13 ugly things
  14 merfolk sirens
  Joseph (D:9)
  3 torpor snails
  19 elephants
  6 black mambas
  5 water nymphs
  2 gargoyles (D:13)
  11 spiny frogs
  4 komodo dragons
  8 rime drakes
  2 efreet
  6 trolls
  A queen bee (D:8)
  20 merfolk
  9 polar bears (Lair:6)
  A hornet (Lair:4)
  A raiju (Lair:6)
  4 wind drakes
  9 dream sheep
  6 slime creatures (D:15)
  12 hippogriffs
  17 blink frogs
  3 shadows
  6 snapping turtles
  A redback (D:8)
  6 wraiths
  6 water elementals
  A vampire (D:14)
  20 yaks
  A spriggan (Lair:3)
  4 wyverns
  5 basilisks
  4 hogs
  A hungry ghost (D:11)
  A steam dragon (Lair:4)
  9 wargs
  4 nagas (Lair:2)
  12 hell hounds (Lair:6)
  2 acid dragons
  A water moccasin (shapeshifter) (D:14)
  8 porcupines
  Duvessa (D:7)
  16 water moccasins
  6 ice beasts
  18 orc warriors
  4 sky beasts
  2 slaves (D:7)
  A phantom (D:6)
  12 black bears
  12 centaurs
  8 ogres
  21 wolves
  9 crocodiles
  10 big kobolds
  20 bullfrogs
  Dowan (D:7)
  A wyvern skeleton (D:9)
  A scorpion (D:4)
  15 killer bees
  2 howler monkeys (D:7)
  11 wights
  10 electric eels
  4 bullfrog zombies
  6 crimson imps
  9 hounds
  5 centaur skeletons
  4 jellies
  2 bullfrog skeletons
  19 orc wizards
  2 quasits
  20 orc priests
  6 hell rats (Lair:6)
  3 iguanas
  12 worker ants
  2 hound skeletons
  26 adders
  8 gnolls
  A river rat (Sewer)
  10 shadow imps
  6 oozes
  2 adder skeletons
  8 worms
  6 dart slugs
  6 leopard geckos
  50 orcs
  4 giant cockroaches
  5 goblins
  8 hobgoblins
  8 jackals
  33 kobolds
  7 quokkas
  A ball python (Sewer)
  8 bats
  6 frilled lizards
  2 jackal zombies
  A quokka zombie (D:9)
  14 rats
  3 fungi
  16 plants
  5 tentacles (Shoals:2)
925 creatures vanquished.

Vanquished Creatures (collateral kills)
  4 hydras
  An orc high priest (Orc:2)
  3 elephants (Lair:6)
  2 rime drakes (Lair:6)
  A wraith (D:13)
  2 hell hounds (Lair:6)
  An orc warrior (D:13)
  2 wolves
  A crocodile (Lair:2)
  A scorpion (D:13)
  2 kobolds (D:13)
20 creatures vanquished.

Vanquished Creatures (others)
  A cyclops (Shoals:3)
  A merfolk (Shoals:3)
  2 slaves (D:7)
  3 humans
  A scorpion (D:7)
  2 orcs (D:7)
  A kobold (D:13)
  58 fungi
  33 plants
  5 tentacles (Shoals:2)
107 creatures vanquished.

Grand Total: 1052 creatures vanquished

Notes
Turn   | Place    | Note
-------+----------+-------------------------------------------
     0 | D:1      | zhorgal the Hill Orc Gladiator began the quest for the Orb.
     0 | D:1      | Reached XP level 1. HP: 18/18 MP: 1/1
    87 | D:1      | Reached XP level 2. HP: 25/25 MP: 2/2
   180 | D:1      | Reached skill level 5 in Axes
   397 | D:1      | Reached XP level 3. HP: 16/30 MP: 3/3
   819 | D:2      | Reached skill level 6 in Axes
  1270 | D:2      | Reached XP level 4. HP: 29/37 MP: 4/4
  1687 | D:2      | Found a shimmering altar of Xom.
  1687 | D:2      | Found a burning altar of Makhleb.
  1702 | D:2      | Became a worshipper of Makhleb the Destroyer
  2027 | D:3      | Reached skill level 1 in Invocations
  2027 | D:3      | Reached XP level 5. HP: 28/44 MP: 5/5
  2459 | D:3      | Reached skill level 7 in Axes
  2471 | D:3      | Found a basalt altar of Yredelemnul.
  2563 | D:3      | Found a bloodstained altar of Trog.
  2566 | D:3      | Found a glowing golden altar of the Shining One.
  2570 | D:3      | Found a sacrificial altar of Ru.
  2571 | D:3      | Found a shattered altar of Ashenzari.
  2870 | D:3      | Found a sparkling altar of Nemelex Xobeh.
  3061 | D:4      | Found a stormy altar of Qazlal.
  3062 | D:4      | Found a blossoming altar of Fedhas.
  3062 | D:4      | Found a blossoming altar of Fedhas.
  3062 | D:4      | Found a shimmering altar of Xom.
  3062 | D:4      | Found a stormy altar of Qazlal.
  3062 | D:4      | Found a sacrificial altar of Ru.
  3062 | D:4      | Found an ancient bone altar of Kikubaaqudgha.
  3067 | D:4      | Found a shattered altar of Ashenzari.
  3067 | D:4      | Found a white marble altar of Elyvilon.
  3067 | D:4      | Found an iron altar of Okawaru.
  3068 | D:4      | Found a hide-covered altar of Uskayaw.
  3068 | D:4      | Found a burning altar of Makhleb.
  3080 | D:4      | Found a staircase to the Ecumenical Temple.
  3124 | D:4      | Found a glowing drain.
  3357 | Sewer    | Entered a sewer
  3436 | Sewer    | Noticed a big kobold
  3447 | Sewer    | Killed a big kobold
  3447 | Sewer    | Reached XP level 6. HP: 42/52 MP: 7/7
  3612 | Sewer    | Reached * piety under Makhleb
  3612 | Sewer    | Reached skill level 8 in Axes
  3975 | Sewer    | Reached XP level 7. HP: 37/60 MP: 9/9
  4357 | Sewer    | Reached skill level 5 in Fighting
  4568 | D:4      | Reached skill level 9 in Axes
  5068 | D:4      | Reached skill level 1 in Armour
  5207 | D:4      | Learned a level 1 spell: Apportation
  5248 | D:4      | Reached XP level 8. HP: 65/69 MP: 11/11
  5262 | D:5      | Entered Level 5 of the Dungeon
  5373 | D:5      | Got a polished battleaxe
  5374 | D:5      | Identified the +10 battleaxe of Sogoymiph {antimagic, rPois} (You found it on level 5 of the Dungeon)
  5590 | D:5      | Reached skill level 10 in Axes
  5652 | D:5      | Found an opulent altar of Gozag.
  5705 | D:5      | Found an ancient bone altar of Kikubaaqudgha.
  5940 | D:6      | Reached ** piety under Makhleb
  5949 | D:6      | Reached skill level 11 in Axes
  6274 | D:6      | Reached skill level 12 in Axes
  6388 | D:6      | Reached XP level 9. HP: 72/74 MP: 4/12
  6679 | D:6      | Reached skill level 13 in Axes
  6970 | D:7      | Found an iron altar of Okawaru.
  7125 | D:7      | Found a blossoming altar of Fedhas.
  7348 | D:7      | Noticed Pikel
  7358 | D:7      | Killed Pikel
  7358 | D:7      | Reached skill level 14 in Axes
  7469 | D:7      | Reached skill level 15 in Axes
  7504 | D:7      | Noticed Dowan
  7545 | D:7      | Reached *** piety under Makhleb
  7745 | D:7      | Killed Dowan
  7747 | D:7      | Noticed Duvessa
  7753 | D:7      | Killed Duvessa
  7753 | D:7      | Reached XP level 10. HP: 59/81 MP: 4/13
  8114 | D:8      | Reached skill level 5 in Invocations
  8167 | D:8      | Found a runed door.
  8169 | D:8      | Reached skill level 16 in Axes
  8201 | D:8      | Identified a scroll of acquirement
  8308 | D:8      | Found an ornate altar of the Wu Jian Council.
  8492 | D:8      | Reached **** piety under Makhleb
  9058 | D:9      | Found a staircase to the Lair.
  9188 | D:9      | Reached skill level 17 in Axes
  9309 | D:9      | Reached ***** piety under Makhleb
  9317 | D:9      | Noticed Gastronok
  9328 | D:9      | Noticed Joseph
  9553 | D:9      | Reached XP level 11. HP: 92/92 MP: 5/15
  9567 | D:9      | Killed Joseph
  9841 | D:9      | Killed Gastronok
  9841 | D:9      | Reached skill level 5 in Armour
 10138 | Lair:1   | Entered Level 1 of the Lair of Beasts
 10995 | Lair:1   | Upgraded the game from 0.21-a0-91-ga5031da to 0.21-a0-94-gdd6ab6a
 11019 | Lair:2   | Got a translucent hand axe
 11046 | Lair:2   | Reached skill level 18 in Axes
 11062 | Lair:2   | Identified the cursed +0 hand axe "Gelilur" {flame, *Contam Int+6} (You found it on level 2 of the Lair of Beasts)
 11145 | Lair:2   | Noticed a seven-headed hydra
 11156 | Lair:2   | Killed a seven-headed hydra
 11436 | Lair:2   | Reached XP level 12. HP: 102/103 MP: 6/18
 11558 | Lair:2   | Noticed Fannar
 11573 | Lair:2   | Killed Fannar
 11589 | Lair:2   | Found a staircase to the Snake Pit.
 12399 | Lair:3   | Reached skill level 19 in Axes
 12697 | Lair:3   | Reached skill level 10 in Fighting
 12712 | Lair:3   | Noticed a dire elephant
 12733 | Lair:3   | Killed a dire elephant
 12733 | Lair:3   | Reached skill level 10 in Invocations
 13027 | Lair:3   | Reached XP level 13. HP: 114/114 MP: 6/20
 13660 | Lair:4   | Reached skill level 20 in Axes
 13762 | Lair:4   | Found a staircase to the Shoals.
 14531 | Lair:5   | Reached ****** piety under Makhleb
 15129 | Lair:6   | Entered Level 6 of the Lair of Beasts
 15447 | Lair:6   | Found a staircase to the Slime Pits.
 15844 | Lair:6   | Reached XP level 14. HP: 121/125 MP: 7/22
 15878 | Lair:6   | Reached skill level 10 in Armour
 16374 | Lair:6   | Reached skill level 5 in Dodging
 17221 | D:10     | Entered Level 10 of the Dungeon
 17953 | D:11     | Noticed Josephine
 18015 | D:11     | Killed Josephine
 18080 | D:11     | Found Giwilan's Food Emporium.
 18224 | D:11     | Found a staircase to the Orcish Mines.
 18531 | Orc:1    | Entered Level 1 of the Orcish Mines
 18556 | Orc:1    | Found Xoanush's Armour Shoppe.
 18735 | Orc:2    | Entered Level 2 of the Orcish Mines
 19064 | Orc:1    | Found Beavin's Magic Scroll Boutique.
 19074 | Orc:1    | Bought a scroll of magic mapping for 49 gold pieces
 19074 | Orc:1    | Bought a scroll of blinking for 105 gold pieces
 19074 | Orc:1    | Bought a scroll of identify for 28 gold pieces
 19074 | Orc:1    | Bought a scroll of magic mapping for 49 gold pieces
 19074 | Orc:1    | Bought a scroll of teleportation for 42 gold pieces
 19090 | Orc:1    | Found Boudgh's Assorted Antiques.
 19096 | Orc:1    | Bought a scroll of fog for 54 gold pieces
 19096 | Orc:1    | Bought a scroll of teleportation for 81 gold pieces
 19096 | Orc:1    | Bought a potion of haste for 270 gold pieces
 19096 | Orc:1    | Bought a glowing white potion for 24 gold pieces
 19191 | Orc:1    | Paralysed by an orc sorcerer for 2 turns
 19244 | Orc:1    | Noticed Urug
 19260 | Orc:1    | Killed Urug
 19269 | Orc:1    | Found Yqa Maotza's Book Emporium.
 19493 | Orc:2    | Found a staircase to the Elven Halls.
 19555 | Orc:2    | Reached XP level 15. HP: 129/136 MP: 8/25
 19961 | Orc:2    | Found Veczotuhae's Weapon Boutique.
 19961 | Orc:2    | Found Oniq's Gadget Boutique.
 19962 | Orc:2    | Found Toaxoada's Jewellery Emporium.
 19962 | Orc:2    | Found Caneumuk's General Store.
 20017 | Orc:2    | Bought a scroll of identify for 28 gold pieces
 20017 | Orc:2    | Bought a scroll of magic mapping for 49 gold pieces
 20017 | Orc:2    | Bought a scroll of recharging for 133 gold pieces
 20560 | D:12     | Found a blossoming altar of Fedhas.
 21375 | D:13     | Noticed Sonja
 21382 | D:13     | Killed Sonja
 21944 | D:14     | Found a shimmering altar of Xom.
 21973 | D:14     | Noticed Kenran's ghost (journeyman DEEE)
 21993 | D:14     | Killed Kenran's ghost
 22225 | D:14     | Found a gate to the Vaults.
 22412 | D:14     | Identified the cursed +0 plate armour of Zougukhlo {rF++ rN++} (You found it on level 14 of the Dungeon)
 22626 | D:15     | Entered Level 15 of the Dungeon
 22699 | D:15     | Noticed a fire giant
 22715 | D:15     | Killed a fire giant
 22755 | D:15     | Reached XP level 16. HP: 147/147 MP: 9/27
 22759 | D:15     | Gained mutation: Your spells are a little easier to cast, but a little less powerful. [mutagenic meat]
 22760 | D:15     | Gained mutation: You possess an exceptional clarity of mind. [mutagenic meat]
 22802 | D:15     | Found a staircase to the Depths.
 23252 | D:15     | Got a polished plate armour
 23263 | D:15     | Identified the +1 plate armour "Vucarph Punt" {rF+ MR+} (You found it on level 15 of the Dungeon)
 23545 | D:15     | Reached skill level 15 in Invocations
 23835 | Shoals:1 | Entered Level 1 of the Shoals
 23916 | Shoals:1 | Found a flickering gateway to a bazaar.
 23967 | Bazaar   | Entered a bazaar
 24171 | Bazaar   | Found Ceosatzo's Magic Scroll Boutique.
 24178 | Bazaar   | Found Wiahaeqi's Weapon Shop.
 24215 | Bazaar   | Found Kas Ute's General Store.
 24230 | Bazaar   | Found Qasoxzed's General Store.
 24261 | Bazaar   | Bought 3 scrolls of acquirement for 1404 gold pieces
 24261 | Bazaar   | Bought a scroll of acquirement for 468 gold pieces
 24293 | Bazaar   | Got a pair of faintly humming gloves
 24304 | Bazaar   | Identified the +1 pair of gloves of Fun {+Fly Str-5 Dex+6} (You acquired it in a bazaar)
 24305 | Bazaar   | Got a smoking plate armour
 24316 | Bazaar   | Identified the +4 plate armour of Fanaticism {-Cast rF+ rC- Dex+7} (You acquired it in a bazaar)
 24317 | Bazaar   | Got a distressingly furry hat
 24328 | Bazaar   | Identified the +2 hat "Jiqesed" {rC++ Int+2 Stlth-} (You acquired it in a bazaar)
 24727 | Shoals:1 | Reached skill level 15 in Fighting
 25785 | Shoals:2 | Reached skill level 1 in Evocations
 26216 | Shoals:2 | Noticed a kraken
 26235 | Shoals:2 | Killed a kraken
 26635 | Shoals:3 | Reached skill level 5 in Evocations
 27173 | Shoals:3 | Reached XP level 17. HP: 158/158 MP: 9/28
 28154 | Shoals:4 | Entered Level 4 of the Shoals
 28259 | Shoals:4 | Noticed Kirke
 28278 | Shoals:4 | Killed Kirke
 29069 | Shoals:4 | Noticed Ilsuiw
 29270 | Shoals:4 | Killed Ilsuiw
 29413 | Shoals:4 | Slain by a merfolk impaler

Vault maps used:
D:1:      grunt_arrival_lava_bath, minmay_misc_feat_alley
D:2:      amethyst_overflow_temple_binary, first_bread
D:3:      lemuel_coloured_pillars_altar, grunt_temple_overflow_open,
          hangedman_decor_riveting
D:4:      temple_doors_ab, cheibrodos_sewer_entry_bend
D:5:      lemuel_doored_altar, tgw_kikubaaqudgha
D:6:      nicolae_lava_and_water
D:7:      corexii_shack_village, chequers_temple_overflow_statue_of_worship,
          eino_small_chamber_without_monster, hangedman_decor_slide_cut,
          uniq_pikel, uniq_duvessa
D:8:      basic_altar, david_nohive_1, nrook_mini_backslash, wad_hexagon
D:9:      erik_lair_island, serial_aquarium, aquarium_bridge_square,
          aquarium_bridge_square, aquarium_window_2, aquarium_window_fake,
          aquarium_view_2e, aquarium_balcony_5a, uniq_gastronok, uniq_joseph
D:10:     minivault_19
D:11:     erik_orc_2, serial_shops, shop, minmay_hedge_maze,
          nicolae_twisting_strands, uniq_josephine
D:12:     basic_altar, hangedman_abyss_or_decor_passed, corexii_corridor_pit,
          eino_tiny_chamber, serial_bayou_pond_b
D:13:     uniq_sonja
D:14:     david_vaults_1, basic_altar, minivault_26
D:15:     grunt_enter_depths_giant_problem
Lair:1:   serial_bayou_shore_b, grunt_megastairs_3, infiniplex_staircase_pool_2,
          serial_bayou_shore_a
Lair:2:   minmay_snake_entry_guardpost_small, serial_bayou_lake_a,
          lemuel_fruit_fields, serial_bayou_shore_b, uniq_fannar
Lair:3:   mu_elephants_graveyard
Lair:4:   minmay_lair_venomous_thicket, minmay_shoals_entry_centaurs,
          infiniplex_staircase_pool
Lair:5:   minmay_lair_oklob_chamber
Lair:6:   hangedman_lair_caniforms_friends, hangedman_lair_in_review,
          nicolae_slime_entry_slimehenge, minmay_lair_drake_nest
Shoals:1: serial_shops, bzr_entry_islet
Shoals:3: hangedman_shoals_cup_caves
Shoals:4: shoals_end_grunt_ice, shoal_ilsuiw, uniq_kirke, uniq_ilsuiw
Orc:1:    serial_shops, shop, shop, shop_fountains, shop_fountains, uniq_urug
Orc:2:    st_orc_elflike
Bazaar:   due_bazaar_butterfly
Sewer:    sewer_co_tree

Skill      XL: |  1  2  3  4  5  6  7  8  9 10 11 12 13 14 15 16 17 |
---------------+----------------------------------------------------+-----
Axes           | 5 6 7 8 9 12 15 17 18 19 20 | 20.3
Invocations    | 1 2 3 4 5 8 10 11 13 14 15 | 15.5
Fighting       | 3 4 5 7 8 10 11 13 14 15 16 | 16.6
Armour         | 1 4 6 8 9 11 12 13 14 | 14.1
Dodging        | 3 6 7 8 |  8.5
Evocations     | 6 9 |  9.3
Throwing       | |  1.7

Action                   |  1- 3 |  4- 6 |  7- 9 | 10-12 | 13-15 | 16-18 || total
-------------------------+-------+-------+-------+-------+-------+-------++-------
Melee: War axe           |    83 |   240 |    91 |       |       |       ||   414
       Battleaxe         |       |       |   168 |   448 |   959 |   651 ||  2226
Invok: Lesser Servant of |       |       |       |     3 |    15 |     2 ||    20
       Minor Destruction |       |       |       |     1 |     3 |       ||     4
 Abil: Evoke Flight      |       |       |       |       |       |     3 ||     3
Evoke: Wand              |       |       |     3 |    11 |     1 |       ||    15
  Use: Scroll            |       |       |    17 |    10 |     9 |     7 ||    43
       Potion            |       |       |     1 |       |     1 |     4 ||     6
 Stab: Paralysed         |       |       |       |       |     1 |       ||     1
  Eat: Chunk             |     1 |     9 |    13 |    17 |    29 |    24 ||    93
       Fruit             |       |       |       |       |     2 |       ||     2
Armor: Leather armour    |    28 |    17 |       |       |       |       ||    45
       Scale mail        |       |    83 |    37 |       |       |       ||   120
       Ring mail         |       |       |    22 |     1 |       |       ||    23
       Crystal plate arm |       |       |       |   294 |   660 |   547 ||  1501
       Plate armour      |       |       |       |    14 |       |     1 ||    15
Dodge: Dodged            |    61 |   123 |   125 |   108 |   311 |   300 ||  1028
Block: Other             |       |       |       |       |    11 |   133 ||   144
       Reflection        |       |       |       |       |       |    29 ||    29
